3AAA
TREMONT DOUBLEDAYS @ AUGUSTA TIMBER HAWKS
09/13/2028
 
TOP OF THE 1ST
Tremont Doubledays batting - Pitching for Augusta Timber Hawks : LHP Prince Michael Jackson
Pitching: LHP Prince Michael Jackson
Batting: SHB Carlos González 0-0: Foul Ball, location: 2F
0-1: Ball
1-1: SINGLE (Line Drive, 7LM)
Batting: RHB Pablo Ledesma 0-0: Fly out, F9 (Flyball, 89S)
Batting: RHB Arturo Morales 0-0: Ball
1-0: Ball
2-0: Swinging Strike
2-1: Foul Ball, location: 2F
2-2: Fly out, F6 (Line Drive, 56D)
Batting: RHB Otis Brewer 0-0: Ball
1-0: Called Strike
1-1: Foul Ball, location: 2F
1-2: Foul Ball, location: 2F
1-2: Ball
Carlos González steals 2nd base
2-2: Ball
3-2: Strikes out swinging
Top of the 1st over - 0 run(s), 1 hit(s), 0 error(s), 1 left on base; Tremont 0 - Augusta 0
BOTTOM OF THE 1ST
Augusta Timber Hawks batting - Pitching for Tremont Doubledays : RHP Christian Irgoyen
Pitching: RHP Christian Irgoyen
Batting: RHB Jeremy Boyter 0-0: Fly out, F9 (Flyball, 9S)
Batting: RHB Jaime Cruz 0-0: Foul Ball, location: 2F
0-1: Foul Ball, location: 2F
0-2: Ball
1-2: Ball
2-2: Ball
3-2: Base on Balls
Batting: LHB José Marín 0-0: Called Strike
0-1: Ball
1-1: Ball
2-1: Swinging Strike
2-2: Ball
3-2: Grounds into double play, 4-6-3 (Groundball, 4)
Bottom of the 1st over - 0 run(s), 0 hit(s), 0 error(s), 0 left on base; Tremont 0 - Augusta 0
TOP OF THE 2ND
Tremont Doubledays batting - Pitching for Augusta Timber Hawks : LHP Prince Michael Jackson
Batting: RHB Alfredo Suárez 0-0: Fly out, F5 (Line Drive, 5)
Batting: RHB David Pérez 0-0: Ball
1-0: Ball
2-0: Foul Ball, location: 2F
2-1: Ball
3-1: Base on Balls
Batting: LHB Steve Ingram 0-0: Fly out, F8 (Flyball, 8RM)
Batting: RHB Dale Quick 0-0: Called Strike
0-1: Called Strike
David Pérez steals 2nd base
0-2: Ball
1-2: Foul Ball, location: 2F
1-2: Strikes out swinging
Top of the 2nd over - 0 run(s), 0 hit(s), 0 error(s), 1 left on base; Tremont 0 - Augusta 0
BOTTOM OF THE 2ND
Augusta Timber Hawks batting - Pitching for Tremont Doubledays : RHP Christian Irgoyen
Batting: RHB Scott Robertson 0-0: Ball
1-0: Ball
2-0: Foul Ball, location: 2F
2-1: Ball
3-1: Foul Ball, location: 2F
3-2: Base on Balls
Batting: SHB Adrián Zamudio 0-0: Foul Ball, location: 2F
0-1: Called Strike
0-2: Ball
1-2: Ball
Scott Robertson is caught stealing 2nd base
2-2: SINGLE (Line Drive, 6MD)
Batting: LHB José Pérez 0-0: Foul Ball, location: 2F
0-1: Ground out 5-3 (Groundball, 56S)
Adrián Zamudio to second
Batting: RHB Armond Merlin 0-0: Ground out 5-3 (Groundball, 56S)
Bottom of the 2nd over - 0 run(s), 1 hit(s), 0 error(s), 1 left on base; Tremont 0 - Augusta 0
TOP OF THE 3RD
Tremont Doubledays batting - Pitching for Augusta Timber Hawks : LHP Prince Michael Jackson
Batting: RHB Abad Lugo 0-0: Ball
1-0: Swinging Strike
1-1: Ball
2-1: Ground out 6-3 (Groundball, 6)
Batting: SHB Carlos González 0-0: SOLO HOME RUN (Flyball, 8RXD), Distance : 446 ft
Batting: RHB Pablo Ledesma 0-0: Ball
1-0: Called Strike
1-1: Fly out, F9 (Flyball, 9LS)
Batting: RHB Arturo Morales 0-0: Ball
1-0: Ball
2-0: Called Strike
2-1: Ball
3-1: Foul Ball, location: 2F
3-2: SINGLE (Groundball, 6MD)
Batting: RHB Otis Brewer 0-0: Called Strike
0-1: Ball
1-1: Foul Ball, location: 2F
1-2: Ground out 1-3 (Groundball, P)
Top of the 3rd over - 1 run(s), 2 hit(s), 0 error(s), 1 left on base; Tremont 1 - Augusta 0
BOTTOM OF THE 3RD
Augusta Timber Hawks batting - Pitching for Tremont Doubledays : RHP Christian Irgoyen
Batting: SHB Eduardo Pampin 0-0: Swinging Strike
0-1: Foul Ball, location: 2F
0-2: Foul Ball, location: 2F
0-2: Strikes out swinging
Batting: RHB Uchino Akahito 0-0: Ball
1-0: Foul Ball, location: 2F
1-1: Ball
2-1: Called Strike
2-2: Ball
3-2: Foul Ball, location: 2F
3-2: Base on Balls
Batting: RHB Jeremy Boyter 0-0: Ball
1-0: Ball
2-0: Ball
3-0: Base on Balls
Uchino Akahito to second
Batting: RHB Jaime Cruz 0-0: Ball
1-0: Fly out, F3 (Popup, 3S)
Batting: LHB José Marín 0-0: Swinging Strike
0-1: Ball
1-1: Fly out, F8 (Flyball, 8RD)
Bottom of the 3rd over - 0 run(s), 0 hit(s), 0 error(s), 2 left on base; Tremont 1 - Augusta 0
TOP OF THE 4TH
Tremont Doubledays batting - Pitching for Augusta Timber Hawks : LHP Prince Michael Jackson
Batting: RHB Alfredo Suárez 0-0: Called Strike
0-1: Ball
1-1: Ground out 4-3 (Groundball, 34)
Batting: RHB David Pérez 0-0: Ball
1-0: Ball
2-0: Ball
3-0: Called Strike
3-1: Called Strike
3-2: Base on Balls
Batting: LHB Steve Ingram 0-0: Called Strike
0-1: Ball
1-1: Called Strike
1-2: Foul Ball, location: 2F
1-2: Ball
2-2: Strikes out swinging
Batting: RHB Dale Quick 0-0: Called Strike
0-1: Ball
1-1: Ground out 1-3 (Groundball, P)
Top of the 4th over - 0 run(s), 0 hit(s), 0 error(s), 1 left on base; Tremont 1 - Augusta 0
BOTTOM OF THE 4TH
Augusta Timber Hawks batting - Pitching for Tremont Doubledays : RHP Christian Irgoyen
Batting: RHB Scott Robertson 0-0: Called Strike
0-1: Swinging Strike
0-2: Foul Ball, location: 2F
0-2: Ball
1-2: Ground out 5-3 (Groundball, 56S)
Batting: SHB Adrián Zamudio 0-0: Foul Ball, location: 2F
0-1: Ball
1-1: Called Strike
1-2: Foul Ball, location: 2F
1-2: Ball
2-2: Foul Ball, location: 2F
2-2: Fly out, F8 (Flyball, 8LS)
Batting: LHB José Pérez 0-0: Ball
1-0: SINGLE (Line Drive, 6MD)
Batting: RHB Armond Merlin 0-0: Ball
José Pérez steals 2nd base
1-0: Called Strike
1-1: Ball
2-1: Foul Ball, location: 2F
2-2: Ground out 5-3 (Groundball, 56)
Bottom of the 4th over - 0 run(s), 1 hit(s), 0 error(s), 1 left on base; Tremont 1 - Augusta 0
TOP OF THE 5TH
Tremont Doubledays batting - Pitching for Augusta Timber Hawks : LHP Prince Michael Jackson
Batting: RHB Abad Lugo 0-0: Called Strike
0-1: Foul Ball, location: 2F
0-2: Ball
1-2: Strikes out swinging
Batting: SHB Carlos González 0-0: Ball
1-0: Called Strike
1-1: Ball
2-1: Called Strike
2-2: Ground out 5-3 (Groundball, 5S)
Batting: RHB Pablo Ledesma 0-0: Ball
1-0: Called Strike
1-1: Foul Ball, location: 2F
1-2: Foul Ball, location: 2F
1-2: Foul Ball, location: 2F
1-2: Foul Ball, location: 2F
1-2: Ball
2-2: Foul Ball, location: 2F
2-2: Ball
3-2: Foul Ball, location: 2F
3-2: Base on Balls
Batting: RHB Arturo Morales 0-0: Swinging Strike
0-1: Fly out, F9 (Flyball, 9S)
Top of the 5th over - 0 run(s), 0 hit(s), 0 error(s), 1 left on base; Tremont 1 - Augusta 0
BOTTOM OF THE 5TH
Augusta Timber Hawks batting - Pitching for Tremont Doubledays : RHP Christian Irgoyen
Batting: SHB Eduardo Pampin 0-0: Called Strike
0-1: SINGLE (Flyball, 7S)
Batting: RHB Uchino Akahito 0-0: Ball
1-0: Ball
2-0: Called Strike
2-1: Ball
3-1: Base on Balls
Eduardo Pampin to second
Batting: RHB Jeremy Boyter 0-0: Sac Bunt - play at first, batter OUT! 1-3
Eduardo Pampin to third
Uchino Akahito to second
Batting: RHB Jaime Cruz 0-0: Ball
Wild Pitch!
Eduardo Pampin scores
Uchino Akahito to third
1-0: Ball
2-0: Fly out, F8 (Flyball, 8LXD)
Runner from 3rd tags up, SCORES, no throw
Batting: LHB José Marín 0-0: Ball
1-0: Fly out, F4 (Popup, 34D)
Bottom of the 5th over - 2 run(s), 1 hit(s), 0 error(s), 0 left on base; Tremont 1 - Augusta 2
TOP OF THE 6TH
Tremont Doubledays batting - Pitching for Augusta Timber Hawks : LHP Prince Michael Jackson
Batting: RHB Otis Brewer 0-0: Ball
1-0: Ball
2-0: Foul Ball, location: 2F
2-1: Fly out, F9 (Flyball, 9LSF)
Batting: RHB Alfredo Suárez 0-0: Hit by Pitch
Batting: RHB David Pérez 0-0: Ball
1-0: Ball
2-0: Fly out, F9 (Line Drive, 9LM)
Batting: LHB Steve Ingram 0-0: Called Strike
0-1: Foul Ball, location: 2F
0-2: Ball
1-2: SINGLE (Groundball, 34S) (infield hit)
Alfredo Suárez to second
Batting: RHB Dale Quick 0-0: Called Strike
0-1: Foul Ball, location: 2F
0-2: Ball
1-2: Ball
2-2: Ball
3-2: Base on Balls
Alfredo Suárez to third
Steve Ingram to second
Pitching: RHP Iván Flores
Batting: RHB Abad Lugo 0-0: Ball
1-0: Fielders Choice at 2nd, 6-4 (Groundball, 6)
Top of the 6th over - 0 run(s), 1 hit(s), 0 error(s), 2 left on base; Tremont 1 - Augusta 2
BOTTOM OF THE 6TH
Augusta Timber Hawks batting - Pitching for Tremont Doubledays : RHP Christian Irgoyen
Batting: RHB Scott Robertson 0-0: Ball
1-0: Called Strike
1-1: Ball
2-1: Ball
3-1: Base on Balls
Batting: SHB Adrián Zamudio 0-0: Foul Ball, location: 2F
0-1: Ball
1-1: Ball
2-1: Ball
3-1: Fly out, F9 (Flyball, 9D)
Batting: LHB José Pérez 0-0: Ball
1-0: Called Strike
1-1: Ball
2-1: Foul Ball, location: 2F
2-2: Fielders Choice at 2nd, 1-4 (Groundball, 15S)
Batting: RHB Armond Merlin 0-0: Ball
José Pérez is caught stealing 2nd base
Bottom of the 6th over - 0 run(s), 0 hit(s), 0 error(s), 0 left on base; Tremont 1 - Augusta 2
TOP OF THE 7TH
Tremont Doubledays batting - Pitching for Augusta Timber Hawks : RHP Iván Flores
Batting: SHB Carlos González 0-0: Ball
1-0: Foul Ball, location: 2F
1-1: Swinging Strike
1-2: Fly out, F7 (Flyball, 7)
Batting: RHB Pablo Ledesma 0-0: Ball
1-0: Ball
2-0: Foul Ball, location: 2F
2-1: Swinging Strike
2-2: Strikes out swinging
Batting: RHB Arturo Morales 0-0: Ball
1-0: Called Strike
1-1: Called Strike
1-2: Strikes out swinging
Top of the 7th over - 0 run(s), 0 hit(s), 0 error(s), 0 left on base; Tremont 1 - Augusta 2
BOTTOM OF THE 7TH
Augusta Timber Hawks batting - Pitching for Tremont Doubledays : RHP Christian Irgoyen
Batting: RHB Armond Merlin 0-0: Called Strike
0-1: Called Strike
0-2: DOUBLE (Line Drive, 8LD)
Batting: SHB Eduardo Pampin 0-0: Ball
1-0: Ball
2-0: Ball
3-0: Base on Balls
Batting: RHB Uchino Akahito 0-0: Ball
1-0: Called Strike
1-1: Foul Ball, location: 2F
1-2: Ball
2-2: Ball
3-2: Grounds into double play, 4-6-3 (Groundball, 4)
Armond Merlin to third
Pinch Hitting: LHB Alberto Torres 0-0: Ball
1-0: Ball
2-0: Ball
3-0: Called Strike
3-1: Base on Balls
Batting: RHB Jaime Cruz 0-0: Ball
1-0: Called Strike
1-1: Ground out 5-3 (Groundball, 56S)
Bottom of the 7th over - 0 run(s), 1 hit(s), 0 error(s), 2 left on base; Tremont 1 - Augusta 2
TOP OF THE 8TH
Tremont Doubledays batting - Pitching for Augusta Timber Hawks : RHP Iván Flores
Now at 1B: Pedro Jiménez
Batting: RHB Otis Brewer 0-0: Ball
1-0: Ball
2-0: Ball
3-0: Called Strike
3-1: Base on Balls
Pinch Hitting: RHB Menno van de Vlugt 0-0: Swinging Strike
0-1: Ball
1-1: Ball
2-1: Ball
3-1: Called Strike
3-2: Foul Ball, location: 2F
3-2: Foul Ball, location: 2F
3-2: Fly out, F9 (Flyball, 9)
Batting: RHB David Pérez 0-0: Ball
1-0: Ball
2-0: Foul Ball, location: 2F
2-1: Grounds into double play, 4-6-3 (Groundball, 4)
Top of the 8th over - 0 run(s), 0 hit(s), 0 error(s), 0 left on base; Tremont 1 - Augusta 2
BOTTOM OF THE 8TH
Augusta Timber Hawks batting - Pitching for Tremont Doubledays : RHP Christian Irgoyen
Pitching: RHP Juan Rodríguez
Now at 2B: José Olvera
Batting: LHB José Marín 0-0: Ground out 4-3 (Groundball, 34)
Batting: RHB Scott Robertson 0-0: Ball
1-0: Ball
2-0: Called Strike
2-1: Fly out, F9 (Line Drive, 89D)
Batting: SHB Adrián Zamudio 0-0: Fly out, F7 (Line Drive, 78M)
Bottom of the 8th over - 0 run(s), 0 hit(s), 0 error(s), 0 left on base; Tremont 1 - Augusta 2
TOP OF THE 9TH
Tremont Doubledays batting - Pitching for Augusta Timber Hawks : RHP Iván Flores
Pitching: LHP Damien Scudder
Now at SS: Manuel González
Batting: LHB Steve Ingram 0-0: Ball
1-0: Called Strike
1-1: Foul Ball, location: 2F
1-2: Strikes out swinging
Pinch Hitting: RHB Sang Hong-Do 0-0: Called Strike
0-1: Fly out, F8 (Flyball, 8LM)
Pinch Hitting: RHB Arturo Morales 0-0: Fly out, F8 (Flyball, 8LM)
Top of the 9th over - 0 run(s), 0 hit(s), 0 error(s), 0 left on base; Tremont 1 - Augusta 2
Tuesday, September 5th, 2017 - OOTP Baseball 17.12 Build 75